 Dungeon Crawl Stone Soup version 0.20.1-1-g8b1a95d (webtiles) character file.

8662 ANON1729 the Arsonist (level 11, -18/59 (61) HPs)
             Began as an Octopode Fire Elementalist on Sept 19, 2017.
             Was an Elder of Sif Muna.
             Killed from afar by Nergalle (42 damage)
             ... with a bolt of negative energy
             ... on level 10 of the Dungeon.
             The game lasted 00:28:31 (12758 turns).

ANON1729 the Arsonist (Octopode Fire Elementalist) Turns: 12758, Time: 00:28:40

HP:   -18/59 (61)   AC:  1    Str:  9    XL:     11   Next: 34%
MP:   20/26         EV: 12    Int: 18    God:    Sif Muna [****..]
Gold: 369           SH:  9    Dex: 12    Spells: 15/28 levels left

rFire    + . .     SeeInvis .   u - +3 dagger (venom)
rCold    x . .     Gourm    .   N - +0 buckler
rNeg     . . .     Faith    .   (helmet restricted)
rPois    .         Spirit   .   s - +5 amulet of reflection
rElec    .         Reflect  +   y - ring of protection from magic
rCorr    .         Harm     .   M - ring of fire
MR       +....                  (no ring)
Stlth    ++........             (no ring)
Regen    0.2/turn               (no ring)
MPRegen  0.2/turn               (no ring)
                                (no ring)
                                (no ring)

@: heavily drained, divine energy
A: almost no armour, stealthy swim, amphibious, 8 rings, constrict 8, camouflage
1, dopey 1, high mp 1, gelatinous body 1, MP-powered wands
a: Stop Divine Energy, Channel Magic, Forget Spell, Renounce Religion


You were on level 10 of the Dungeon.
You worshipped Sif Muna.
Sif Muna was greatly pleased with you.
You were hungry.

You visited 2 branches of the dungeon, and saw 11 of its levels.

You collected 513 gold pieces.
You spent 144 gold pieces at shops.

Inventory:

Hand Weapons
 u - a +3 dagger of venom (weapon)
Armour
 N - a +0 buckler (worn)
Jewellery
 s - a +5 amulet of reflection (around mantle)
 y - a ring of protection from magic (left tentacle)
 M - a ring of fire (right tentacle)
Wands
 x - a wand of random effects (29/48)
 F - a wand of polymorph (15/24)
 I - a wand of paralysis (4/24)
 L - a wand of random effects (33/48)
Scrolls
 c - 5 scrolls of enchant weapon
 d - 10 scrolls of teleportation {unknown}
 i - 6 scrolls of remove curse {unknown}
 m - 2 scrolls of recharging {unknown}
 o - a scroll of magic mapping {unknown}
 p - a scroll of blinking {unknown}
 q - 4 scrolls of fear {unknown}
 r - 8 scrolls of identify {unknown}
 w - 4 scrolls of amnesia {unknown}
 B - 2 scrolls of noise {unknown}
 D - a scroll of summoning {unknown}
 G - a scroll of immolation {unknown}
 H - a scroll of fog {unknown}
 J - a scroll of enchant armour {unknown}
Potions
 e - 3 potions of heal wounds
 j - 3 potions of haste
 k - a potion of experience {unknown}
 l - 2 potions of ambrosia {unknown}
 n - 4 potions of curing
 t - a potion of mutation {unknown}
 v - 4 potions of agility {unknown}
 z - a potion of might
 A - a potion of brilliance {unknown}
 C - 2 potions of lignification {unknown}
 E - a potion of magic {unknown}
Books
 a - a book of Flames

   Spells                             Type                      Level
   a - Flame Tongue                   Conjuration/Fire             1
   b - Throw Flame                    Conjuration/Fire             2
   c - Conjure Flame                  Conjuration/Fire             3
   d - Inner Flame                    Hexes/Fire                   3
   e - Sticky Flame                   Conjuration/Fire             4
   f - Fireball                       Conjuration/Fire             5
Comestibles
 b - 8 bread rations
 f - 7 royal jellies
 g - 17 fruits
 h - 5 meat rations
 K - 5 chunks of flesh


   Skills:
 - Level 2.0(0.0) Dodging
 - Level 2.6(0.7) Stealth
 * Level 4.4(2.4) Shields
 + Level 9.1(6.8) Spellcasting
 + Level 9.5(7.2) Conjurations
 + Level 10.1(7.7) Fire Magic
 + Level 2.0(0.1) Invocations


You had 15 spell levels left.
You knew the following spells:

 Your Spells              Type           Power        Failure   Level  Hunger
a - Flame Tongue          Conj/Fire      #####        1%          1    None
b - Conjure Flame         Conj/Fire      #####...     1%          3    ##.....
c - Sticky Flame          Conj/Fire      #####...     6%          4    ####...
d - Fireball              Conj/Fire      #####.....   17%         5    #####..


Dungeon Overview and Level Annotations

Branches:
Dungeon (10/15)            Temple (1/1) D:6            Lair (0/6) D:9
    Orc (0/2) D:9

Altars:
Ashenzari
Cheibriados
Dithmenos
Elyvilon
Fedhas
Gozag
Hepliaklqana
Kikubaaqudgha
Makhleb
Nemelex Xobeh
Okawaru
Qazlal
Ru
Sif Muna
Trog
Uskayaw
Vehumet
Xom
Yredelemnul
Zin
The Shining One

Shops:
D:6 (   D:8 !

Annotations:
D:4 ANON1729's ghost, amateur OpFE
D:7 Joseph
D:8 exclusion: 2 doors
D:10 Nergalle


Innate Abilities, Weirdness & Mutations

You cannot wear most types of armour.
You are very stealthy in the water. (Stealth+)
You are amphibious.
You can wear up to eight rings at the same time.
You can use your tentacles to constrict eight enemies at once.
Your skin changes colour to match your surroundings (Stealth+).
Your rubbery body absorbs attacks. (AC +1, EV +1)
You are dopey. (Int -2)
You have an increased reservoir of magic. (+10% MP)
You expend magic power (3 MP) to strengthen your wands.


Message History

Aim: Nergalle, wielding a dagger and wearing a robe (lightly wounded, covered in liquid flames)
You feel a surge of power!
The flame tongue hits Nergalle.
Nergalle appears unharmed.
Nergalle is lightly wounded.
Nergalle burns!
The spectral orc warrior hits you but does no damage.
The spectral orc knight hits you with a great sword of electrocution.
You feel drained. The spectral orc hits you with a mace.
Nergalle casts a spell at you. The bolt of negative energy hits you!
You feel drained.
The bolt of negative energy hits the spectral orc.
The spectral orc completely resists.
Unknown command.
Nergalle burns!
Nergalle points at you and mumbles some strange words.
The bolt of negative energy hits the spectral orc warrior.
The spectral orc warrior completely resists.
The bolt of negative energy hits you!
You feel drained.
Ouch! That really hurt!
You die...

#......... . #..........
. #.[........ #........<.
.. ##.[........
#.####........... ##
................... .....
#..##.....@Zo......
.....###.....#..ZZZ......
................Z........
.....#...................
................####.....
.....#............# ####.
.....#............#
.....#.....#...##.#####
####.#.....##.........#


You could see Nergalle (burning), 3 spectral orcs, a spectral orc warrior and a
spectral orc knight.

Vanquished Creatures
  4 two-headed ogres
  The ghost of ANON1729 the Covert, a novice OpAs (D:5)
  A troll (D:9)
  2 hornets
  2 dream sheep (D:8)
  2 hippogriffs
  2 yaks (D:8)
  The ghost of ANON1729 the Firebug, an amateur OpFE (D:3)
  3 orc warriors (D:9)
  2 black bears
  An ice beast (D:8)
  3 phantoms
  2 sky beasts (D:9)
  6 ogres
  A necrophage (D:9)
  4 centaurs
  4 big kobolds
  An elf zombie (D:9)
  6 bullfrogs
  A gnoll sergeant (D:9)
  A scorpion (D:9)
  2 electric eels (D:9)
  3 wights (D:9)
  4 howler monkeys
  2 bullfrog zombies
  A quasit (D:9)
  Crazy Yiuf (D:3)
  2 centaur skeletons
  A hound (D:7)
  2 human zombies (D:9)
  4 jellies
  A bullfrog skeleton (D:4)
  An orc priest (D:7)
  An orc wizard (D:7)
  A human skeleton (D:9)
  6 worker ants
  A hound skeleton (D:5)
  2 mummies (D:9)
  13 gnolls
  8 adders
  A howler monkey skeleton (D:9)
  A shadow imp (D:7)
  An ooze (D:4)
  2 adder skeletons
  5 worms
  6 dart slugs
  2 leopard geckos
  19 orcs
  A ball python (D:5)
  6 giant cockroaches
  8 goblins
  7 hobgoblins
  6 jackals
  13 kobolds
  5 quokkas
  8 bats
  10 frilled lizards
  A giant cockroach zombie (D:5)
  A jackal skeleton (D:4)
  2 orc zombies (D:9)
  2 rats
213 creatures vanquished.

Vanquished Creatures (others)
  8 plants (D:9)
8 creatures vanquished.

Grand Total: 221 creatures vanquished

Notes
Turn   | Place    | Note
-------+----------+-------------------------------------------
     0 | D:1      | ANON1729 the Octopode Fire Elementalist began the quest for the Orb.
     0 | D:1      | Reached XP level 1. HP: 11/11 MP: 3/3
   233 | D:1      | Reached XP level 2. HP: 15/17 MP: 5/5
  1316 | D:2      | Found an iron altar of Okawaru.
  1336 | D:2      | Reached XP level 3. HP: 14/21 MP: 6/6
  2440 | D:3      | Reached XP level 4. HP: 27/27 MP: 8/8
  2834 | D:3      | Noticed ANON1729's ghost (amateur OpFE)
  2932 | D:4      | Reached skill level 4 in Fire Magic
  2932 | D:4      | Reached XP level 5. HP: 29/31 MP: 6/9
  2981 | D:4      | Noticed a phantom
  3016 | D:4      | Killed a phantom
  3292 | D:4      | Reached XP level 6. HP: 36/36 MP: 11/11
  3305 | D:4      | Noticed ANON1729's ghost (amateur OpFE)
  3433 | D:3      | Found a runed door.
  3558 | D:3      | Killed ANON1729's ghost
  3757 | D:3      | Noticed Crazy Yiuf
  3773 | D:3      | Killed Crazy Yiuf
  4127 | D:3      | Learned a level 3 spell: Conjure Flame
  4132 | D:3      | Learned a level 4 spell: Sticky Flame
  4206 | D:3      | Learned a level 5 spell: Fireball
  4507 | D:4      | Reached skill level 5 in Fire Magic
  4525 | D:5      | Entered Level 5 of the Dungeon
  4585 | D:5      | Reached XP level 7. HP: 41/41 MP: 8/13
  4586 | D:5      | Noticed ANON1729's ghost (novice OpAs)
  4605 | D:5      | Killed ANON1729's ghost
  5182 | D:5      | Reached skill level 5 in Spellcasting
  5182 | D:5      | Reached skill level 5 in Conjurations
  5182 | D:5      | Reached XP level 8. HP: 45/46 MP: 11/15
  5237 | D:5      | Reached skill level 6 in Fire Magic
  5434 | D:5      | You fall through a shaft for 3 floors!
  5465 | D:8      | Noticed a hippogriff
  5838 | D:7      | Noticed Joseph
  6289 | D:6      | Noticed a hippogriff
  6394 | D:6      | Found a staircase to the Ecumenical Temple.
  6415 | D:6      | Killed a hippogriff
  6415 | D:6      | Reached skill level 7 in Fire Magic
  6415 | D:6      | Reached XP level 9. HP: 50/51 MP: 2/18
  6531 | Temple   | Entered the Ecumenical Temple
  6579 | Temple   | Became a worshipper of Sif Muna the Loreminder
  6799 | D:6      | Found Nis Dips's Weapon Shoppe.
  7705 | D:7      | Found a shattered altar of Ashenzari.
  7758 | D:7      | Noticed a two-headed ogre
  7898 | D:7      | Killed a two-headed ogre
  7898 | D:7      | Reached * piety under Sif Muna
  7983 | D:7      | Noticed a hornet
  7992 | D:7      | Killed a hornet
  7992 | D:7      | Reached skill level 8 in Fire Magic
  8309 | D:8      | Noticed a two-headed ogre
  8336 | D:8      | Killed a two-headed ogre
  8336 | D:8      | Reached XP level 10. HP: 56/56 MP: 1/21
  8477 | D:8      | Found Mov Maom's Distillery.
  8482 | D:8      | Bought a potion of degeneration for 16 gold pieces
  8482 | D:8      | Bought a potion of curing for 48 gold pieces
  8482 | D:8      | Bought a potion of heal wounds for 80 gold pieces
  8487 | D:8      | Noticed a two-headed ogre
  8500 | D:8      | Killed a two-headed ogre
  8500 | D:8      | Reached ** piety under Sif Muna
  8500 | D:8      | Reached skill level 9 in Fire Magic
  9505 | D:8      | Reached *** piety under Sif Muna
 10006 | D:9      | Found a staircase to the Lair.
 10304 | D:9      | Reached skill level 1 in Shields
 10594 | D:9      | Gained mutation: You possess an exceptional clarity of mind. [mutagenic meat]
 10596 | D:9      | Gained mutation: You are dopey. (Int -2) [mutagenic meat]
 10597 | D:9      | Gained mutation: You expend magic power (3 MP) to strengthen your wands. [mutagenic meat]
 10598 | D:9      | Lost mutation: You possess an exceptional clarity of mind. [mutagenic meat]
 10599 | D:9      | Gained mutation: You have an increased reservoir of magic. (+10% MP) [mutagenic meat]
 11245 | D:9      | Found a staircase to the Orcish Mines.
 11284 | D:9      | Reached XP level 11. HP: 61/61 MP: 6/26
 11331 | D:9      | Reached skill level 1 in Invocations
 11810 | D:9      | Found an ancient bone altar of Kikubaaqudgha.
 12036 | D:9      | Reached skill level 10 in Fire Magic
 12348 | D:10     | Entered Level 10 of the Dungeon
 12444 | D:10     | Noticed a two-headed ogre
 12464 | D:10     | Killed a two-headed ogre
 12464 | D:10     | Reached **** piety under Sif Muna
 12730 | D:10     | Noticed Nergalle
 12758 | D:10     | Killed from afar by Nergalle

Skill      XL: |  1  2  3  4  5  6  7  8  9 10 11 |
---------------+----------------------------------+-----
Conjurations   | 2 3 4 5 6 7 9 |  9.5
Spellcasting   | 3 4 5 6 7 8 9 |  9.1
Fire Magic     | 4 5 7 8 9 10 | 10.1
Shields        | 3 4 |  4.4
Invocations    | 2 |  2.0
Dodging        | |  2.0
Stealth        | |  2.6

Action                   |  1- 3 |  4- 6 |  7- 9 | 10-12 || total
-------------------------+-------+-------+-------+-------++-------
Melee: Unarmed           |    34 |       |       |       ||    34
       Constrict         |    23 |    15 |    15 |    19 ||    72
       Tentacles         |    16 |    11 |     5 |    10 ||    42
       Dagger            |    58 |    53 |    48 |    85 ||   244
 Cast: Flame Tongue      |    17 |    43 |   128 |   195 ||   383
       Conjure Flame     |       |     1 |     6 |    15 ||    22
       Sticky Flame      |       |       |     4 |    19 ||    23
Invok: Divine Energy     |       |       |       |     1 ||     1
       Channel Magic     |       |       |       |     1 ||     1
  Use: Scroll            |       |     1 |       |       ||     1
       Potion            |       |       |     3 |       ||     3
 Stab: Sleeping          |    12 |     3 |     4 |     5 ||    24
  Eat: Chunk             |     5 |     6 |    12 |    19 ||    42
       Fruit             |       |       |       |     3 ||     3
Armor: Skin              |     8 |     7 |     3 |     6 ||    24
Dodge: Dodged            |    62 |    52 |    40 |    54 ||   208
Block: Other             |       |       |    10 |    12 ||    22
       Reflection        |       |       |     1 |     6 ||     7
       Buckler           |       |       |       |    30 ||    30
